 Dungeon Crawl Stone Soup version 0.29-a0-322-g68df515428 (webtiles) character file.

Game seed: 2668126976917676932

132 Leszczynek the Chopper (level 5, -2/41 HPs)
             Began as a Human Gladiator on Apr 9, 2022.
             Was a Follower of Trog.
             Killed from afar by Robin (6 damage)
             ... with a puff of flame
             ... on level 3 of the Dungeon.
             The game lasted 00:03:18 (327 turns).

Leszczynek the Chopper (Human Gladiator)             Turns: 327, Time: 00:03:19

Health: -2/41      AC:  6    Str: 17    XL:     5   Next: 38%
Magic:  5/5        EV: 12    Int:  8    God:    Trog [*.....]
Gold:   26         SH:  0    Dex: 14    Spells: 4/4 levels left

rFire   . . .      SeeInvis .   a - +0 war axe
rCold   . . .      Faith    .   (no shield)
rNeg    . . .      Spirit   .   g - +0 ring mail
rPois   +          Reflect  .   c - +0 helmet
rElec   .          Harm     .   (no cloak)
rCorr   .          Rampage  .   (no gloves)
Will    .....                   (no boots)
Stlth   +.........              (no amulet)
HPRegen 0.13/turn               f - ring of poison resistance
MPRegen 0.09/turn               (no ring)

@: on berserk cooldown, attractive, slowed, very slow
A: no striking features
a: Renounce Religion, Berserk


You were on level 3 of the Dungeon.
You worshipped Trog.
Trog was aware of your devotion.
You visited 1 branch of the dungeon, and saw 3 of its levels.

You collected 26 gold pieces.

Inventory:

Hand Weapons
 a - a +0 war axe (weapon)
Missiles
 d - 3 throwing nets (quivered)
 e - a javelin
Armour
 b - a +0 leather armour
 c - a +0 helmet (worn)
 g - a +0 ring mail (worn)
Jewellery
 f - a ring of poison resistance (left hand)


   Skills:
 * Level 3.3 Fighting
 * Level 4.0 Axes
 + Level 2.7 Throwing
 + Level 3.6 Dodging


You had 4 spell levels left.
You didn't know any spells.
Your spell library was empty.

Dungeon Overview and Level Annotations

Branches:
Dungeon (3/15)

Altars:
Trog

Annotations:
D:3 Robin


Message History

You barely miss the goblin.
The goblin shouts!
The goblin barely misses you.
You hit Robin but do no damage.
Robin is heavily wounded.
You slash the goblin!
You kill the goblin!
Trog accepts your kill.
Robin zaps a wand.
The puff of flame hits you!
Unknown command.
You barely miss Robin.
Robin is heavily wounded.
You slash the goblin!
You kill the goblin!
Trog accepts your kill.
You are no longer berserk.
You are exhausted.
You feel yourself slow down.
A bat comes into view.
Robin zaps a wand.
The puff of flame hits you!
* * * LOW HITPOINT WARNING * * *
Unknown command.
It was a potion of attraction.
You feel attractive to monsters.
Robin laughs in a distinctly smug fashion.
Robin throws the goblin at you!
The goblin falls through a shaft!
The shaft crumbles and collapses.
Robin misses you. The dart slug is attracted toward you.
Unknown command.
The bat closely misses you.
Robin hits you from afar with a +0 spear.
* * * LOW HITPOINT WARNING * * *
The dart slug launches a dart at you. The slug dart hits you.
* * * LOW HITPOINT WARNING * * *
The dart slug is attracted toward you.
There is a stone staircase leading up here.
The bat barely misses you. x2; Robin closely misses you.
Robin zaps a wand.
The puff of flame hits you.
You die...

##########
#........#
#.......)#
#.....)@)#
#.....))w##
#.....b.g§######
#.............g.
######.#...§....
#.##....... #.#
....... #..
.###.#. #.. ##
...


You could see Robin, a dart slug and a bat.

Vanquished Creatures
  A black bear (D:3)
  An adder (D:2)
  A worm (D:2)
  A ball python (D:3)
  3 endoplasms
  2 giant cockroaches (D:1)
  13 goblins
  3 hobgoblins
  2 jackals (D:2)
  A kobold (D:3)
28 creatures vanquished.

Notes
Turn   | Place    | Note
-------+----------+-------------------------------------------
     0 | D:1      | Leszczynek the Human Gladiator began the quest for the Orb.
     0 | D:1      | Reached XP level 1. HP: 16/16 MP: 1/1
    34 | D:1      | Reached XP level 2. HP: 21/22 MP: 2/2
    46 | D:1      | Found a faded altar of an unknown god.
    54 | D:1      | Prayed at the altar of an unknown god.
    54 | D:1      | Became a worshipper of Trog the Wrathful
    54 | D:1      | Reached * piety under Trog
   102 | D:2      | Reached XP level 3. HP: 26/28 MP: 3/3
   253 | D:3      | Noticed a black bear
   256 | D:3      | Killed a black bear
   257 | D:3      | Reached skill level 3 in Fighting
   257 | D:3      | Reached XP level 4. HP: 35/35 MP: 4/4
   257 | D:3      | Reached XP level 5. HP: 41/41 MP: 5/5
   267 | D:3      | Noticed Robin
   291 | D:2      | Reached skill level 4 in Axes
   326 | D:3      | HP: 6/41 [Robin/+0 spear (3)]
   327 | D:3      | Killed from afar by Robin

Illustrated notes

Levels and vault maps discovered:
D:1:      dpeg_chamrin_arrival_tetris, layout_basic,
          hellmonk_ecumenical_altar_crossroads, minmay_tromino_v4_b
D:2:      layout_loops_ring, serial_shops, shop, uniq_sigmund
D:3:      layout_rooms, nicolae_hepliaklqana_hazy_memory, serial_shops,
          nicolae_shop_statue_plus, shop_statue, nicolae_shop_waterfront,
          uniq_robin

Skill      XL: |  1  2  3  4  5 |
---------------+----------------+-----
Fighting       | 3 |  3.3
Axes           | 4 |  4.0
Throwing       | |  2.7
Dodging        | |  3.6

Action                   |  1- 3 |  4- 6 || total
-------------------------+-------+-------++-------
Melee: War axe           |    30 |    19 ||    49
       Punch             |     1 |       ||     1
Throw: Throwing net      |     1 |       ||     1
Invok: Berserk           |     1 |     1 ||     2
  Use: Potion            |       |     1 ||     1
Armor: Leather armour    |     7 |       ||     7
       Ring mail         |     3 |     9 ||    12
Dodge: Dodged            |    17 |    19 ||    36

Table legend: (Time is in decaauts)
 A = Elapsed time spent in this place.
 B = Non-inter-level travel time spent in this place.
 C = Inter-level travel time spent in this place.
 D = Time resting spent in this place.
 E = Time spent auto-exploring this place.
 F = Levels seen in this place.
 G = Mean time per level.
                   A        B        C        D        E       F      G
               +--------+--------+--------+--------+--------+-----+--------+
         Total |    342 |    342 |      0 |      0 |      0 |   3 |  114.0 |
       Dungeon |    342 |    342 |      0 |      0 |      0 |   3 |  114.0 |
               +--------+--------+--------+--------+--------+-----+--------+

Top non-repeatable levels by time:
     D:2: 206 daAuts
     D:1: 102 daAuts
     D:3: 33 daAuts
